Map: Backcountry

Players

idfalk

  • Race: Terran Terran
  • League: Diamond
  • Spawn Location: 11:00

DaRa

  • Race: Protoss Protoss
  • Spawn Location: 9:00

Purpose

  • Race: Protoss Protoss
  • League: Platinum
  • Spawn Location: 11:00

Blubbel

  • Race: Terran Terran
  • League: Silver
  • Spawn Location: 5:00

zod

  • Race: Protoss Protoss
  • League: Silver
  • Spawn Location: 5:00

MasteroP

  • Race: Zerg Zerg
  • Spawn Location: 5:00

VOD

Have the link to the VOD?

Description

Time

  • Played on: Jan. 10, 2016, 8:14 a.m.
  • Length: 3:46
Show
View Real Time Build Order
Export as new Build Order

idfalk Terran 

Build Orders:  

Get SALT Encoding   

  12  0:01  SCV  
  13  0:13  SCV  
  14  0:17  Supply Depot  
  14  0:25  SCV  
  15  0:38  SCV  
  15  0:39  Barracks  
  16  0:44  Refinery  
  16  0:50  SCV  
  17  0:59  Barracks  
  17  1:03  SCV  
  18  1:15  SCV  
  19  1:21  Barracks  
  19  1:27  Reaper  
  19  1:31  Refinery  
  20  1:48  Reaper  
  20  1:51  Supply Depot  
  21  1:55  Orbital Command  
  21  2:00  Reaper  
  22  2:09  Reaper  
  23  2:26  Reaper  
  24  2:32  Reaper  
  25  2:45  Reaper  
  26  3:04  Reaper x2  
  28  3:11  SCV  
  29  3:13  Supply Depot  
  30  3:21  Command Center  
Show
View Real Time Build Order
Export as new Build Order

DaRa Protoss 

Build Orders:  

Get SALT Encoding   

  12  0:00  Probe (Chrono Boost)  
  13  0:11  Probe (Chrono Boost)  
  14  0:19  Pylon  
  14  0:22  Probe (Chrono Boost)  
  15  0:38  Probe (Chrono Boost)  
  15  0:40  Gateway  
  16  0:45  Assimilator  
  16  0:48  Probe (Chrono Boost)  
  17  0:59  Probe (Chrono Boost)  
  18  1:09  Probe (Chrono Boost)  
  18  1:10  Gateway  
  19  1:20  Probe (Chrono Boost), Assimilator  
  20  1:30  Cybernetics Core, Probe (Chrono Boost)  
  21  1:39  Assimilator  
  21  1:53  Pylon  
  21  1:55  Pylon  
  21  2:03  Pylon  
  21  2:06  Mothership Core (Chrono Boost)  
  23  2:13  Adept  
  25  2:18  Adept  
  27  2:43  Adept, Pylon  
  29  2:45  Adept  
  31  2:58  Gateway  
  31  2:59  Probe (Chrono Boost)  
  32  3:11  Gateway  
  32  3:13  Adept  
  34  3:26  Pylon  
Show
View Real Time Build Order
Export as new Build Order

Purpose Protoss 

Build Orders:  

Get SALT Encoding   

  12  0:00  Probe (Chrono Boost)  
  13  0:11  Probe (Chrono Boost)  
  14  0:19  Pylon  
  14  0:24  Probe (Chrono Boost)  
  15  0:37  Probe (Chrono Boost)  
  16  0:43  Gateway  
  16  0:45  Assimilator  
  16  0:47  Probe (Chrono Boost)  
  17  0:58  Probe (Chrono Boost)  
  18  1:04  Assimilator  
  18  1:08  Probe (Chrono Boost)  
  19  1:19  Probe (Chrono Boost)  
  19  1:25  Pylon  
  20  1:30  Probe (Chrono Boost)  
  20  1:32  Cybernetics Core  
  21  1:40  Probe (Chrono Boost)  
  22  1:51  Probe (Chrono Boost)  
  23  2:10  Robotics Facility  
  23  2:15  Mothership Core (Chrono Boost)  
  25  2:19  Pylon  
  25  2:41  Gateway  
  25  2:43  Gateway  
  25  2:45  Gateway  
  25  2:46  Pylon  
  25  2:58  Immortal (Chrono Boost)  
  29  3:09  Robotics Bay  
Show
View Real Time Build Order
Export as new Build Order

Blubbel Terran 

Build Orders:  

Get SALT Encoding   

  12  0:02  SCV  
  14  0:14  SCV  
  14  0:22  Supply Depot  
  14  0:26  SCV  
  15  0:31  Refinery  
  15  0:46  SCV  
  16  0:56  Barracks  
  16  0:58  SCV  
  17  1:10  SCV  
  18  1:35  Refinery  
  18  1:43  Orbital Command  
  18  1:45  Supply Depot  
  18  1:50  Factory  
  18  1:59  Marine  
  19  2:17  Marine  
  20  2:35  Marine  
  21  2:38  Starport, Widow Mine  
  6  3:26  SCV  
Show
View Real Time Build Order
Export as new Build Order

zod Protoss 

Build Orders: 1 Gate Expand 

Get SALT Encoding   

  12  0:01  Probe (Chrono Boost)  
  13  0:12  Probe (Chrono Boost)  
  14  0:19  Pylon  
  14  0:30  Probe (Chrono Boost)  
  15  0:40  Probe (Chrono Boost)  
  16  0:45  Gateway  
  16  0:51  Probe (Chrono Boost)  
  17  1:09  Probe (Chrono Boost)  
  18  1:11  Assimilator  
  18  1:19  Probe (Chrono Boost)  
  19  1:38  Zealot  
  19  1:39  Nexus  
  21  1:44  Cybernetics Core  
  21  1:55  Probe (Chrono Boost)  
  21  1:59  Assimilator  
  22  2:27  Forge  
  22  2:29  Pylon  
  22  2:36  Probe (Chrono Boost)  
  21  2:46  Probe (Chrono Boost)  
  21  2:57  Probe (Chrono Boost)  
  21  3:07  Probe (Chrono Boost)  
  21  3:08  Assimilator  
Show
View Real Time Build Order
Export as new Build Order

MasteroP Zerg 

Build Orders: Pool First 

Get SALT Encoding   

  12  0:01  Drone  
  13  0:13  Overlord  
  13  0:18  Drone  
  14  0:32  Drone x2  
  16  0:36  Drone  
  17  0:47  Spawning Pool  
  17  0:49  Drone  
  17  1:00  Drone  
  18  1:07  Extractor  
  18  1:08  Drone  
  18  1:26  Drone  
  18  1:28  Hatchery  
  18  1:31  Drone  
  19  1:37  Queen  
  21  1:44  Overlord  
  22  1:54  Drone  
  22  1:57  Extractor  
  21  2:08  Zergling x2  
  22  2:17  Drone  
  23  2:26  Zergling x2  
  24  2:34  Roach Warren  
  24  2:35  Lair  
  23  2:37  Zergling x2  
  24  2:45  Zergling x2  
  24  3:08  Zergling x12  
  30  3:27  Zergling x8  
Tags
 
Add a new tag
Caveats
  • Supply blocks, unpowered buildings, or Contaminate may cause inaccurate times.
  • Supply counts are checked every 10 seconds.